 Dungeon Crawl Stone Soup version 0.20.0-8-g6b59dc7 (webtiles) character file.

122 Ketharn the Cudgeler (level 5, 0/45 HPs)
             Began as a Hill Orc Berserker on June 1, 2017.
             Was a Believer of Trog.
             Succumbed to an adder's poison
             ... on level 3 of the Dungeon.
             The game lasted 00:09:41 (2229 turns).

Ketharn the Cudgeler (Hill Orc Berserker)           Turns: 2229, Time: 00:09:42

Health: 0/45       AC:  6    Str: 21    XL:     5   Next: 6%
Magic:  5/5        EV:  7    Int:  7    God:    Trog [**....]
Gold:   143        SH:  6    Dex: 10    Spells: 4/4 levels left

rFire    . . .     SeeInvis .   d - +3 mace
rCold    . . .     Gourm    .   h - -1 shield
rNeg     . . .     Faith    .   e - +0 scale mail
rPois    .         Spirit   .   (no helmet)
rElec    .         Reflect  .   (no cloak)
rCorr    .         Harm     .   (no gloves)
MR       .....                  (no boots)
Stlth    ..........             (no amulet)
Regen    0.2/turn               (no ring)
MPRegen  0.1/turn               (no ring)

@: lethally poisoned (0 -> -4), hasted, very quick
A: deterioration 1, mutation resistance 1
a: Berserk, Trog's Hand, Burn Spellbooks, Renounce Religion


You were on level 3 of the Dungeon.
You worshipped Trog.
Trog was pleased with you.
You were not hungry.

You visited 1 branch of the dungeon, and saw 3 of its levels.

You collected 143 gold pieces.

Inventory:

Hand Weapons
 d - a +3 mace (weapon)
Armour
 e - a +0 scale mail (worn)
 h - a -1 shield (worn)
Scrolls
 a - a scroll of identify
 b - a scroll of remove curse
Potions
 i - a potion of mutation
Comestibles
 c - 2 bread rations


   Skills:
 - Level 3.6 Fighting
   Level 4.0(5.5) Axes
 * Level 4.9(5.4) Maces & Flails
 - Level 2.1 Armour
 - Level 1.5 Dodging
 - Level 0.2 Shields


You had 4 spell levels left.
You didn't know any spells.

Dungeon Overview and Level Annotations

Branches:
Dungeon (3/15)

Altars:
Kikubaaqudgha
Sif Muna


Innate Abilities, Weirdness & Mutations

Your body sometimes deteriorates upon taking damage.
You are somewhat resistant to further mutation.


Message History

You feel sick.
It was a potion of magic.
Magic courses through your body.
You eat the royal jelly.
That royal jelly was delicious!
* * * LOW HITPOINT WARNING * * *
You feel sick.
There is a lethal amount of poison in your body!
There is a lethal amount of poison in your body!
There is a lethal amount of poison in your body!
There is a lethal amount of poison in your body!
There is a lethal amount of poison in your body!
There is a lethal amount of poison in your body!
* * * LOW HITPOINT WARNING * * *
You feel sick.
Found a ring mail.
You see here 9 gold pieces.
* * * LOW HITPOINT WARNING * * *
You feel sick.
You see here 9 gold pieces.
There isn't anything to butcher here.
You die...

,**** *,*#.#*,*,*,,,***** ,,,,**
*,*#(#*,*,**,****** ,*,,,*
*,,...,,,,,,,,,,,,* ,*,*,***
***#.#***,,,,,,,,,,
,,,*,,,******* #(####.##.,,,,,>
,*****,,,,,..#####(.......,,,,,,,
,,,*,,,****#......(####.#**,,,,,,
,*,*,****#########)(....# **,,,,,
,*,,,***,.......@..)....###**,,,*
,,,,,,,,,.[....####).......,,,,**
***,***#.##...,* #(...####*,,,*
#.# #.##..,,####.(..#****,,,*
#*#.# #.##.#*##.#.###.....,,,,*
.##.# #.##.# #.#.## *"....,,,**
.##.## #....# ##.#.# *.####*,**
.#...# #.#..###.#.##**,* *,*
.#...###.##....####,,,,* *,*


There were no monsters in sight!

Vanquished Creatures
  4 adders
  An ooze (D:1)
  A worm (D:2)
  A dart slug (D:1)
  An orc (D:3)
  3 ball pythons
  12 goblins
  8 hobgoblins
  4 jackals (D:3)
  A quokka (D:2)
  13 bats
  6 frilled lizards
  9 kobolds
  9 rats
73 creatures vanquished.

Notes
Turn   | Place    | Note
-------+----------+-------------------------------------------
     0 | D:1      | Ketharn the Hill Orc Berserker began the quest for the Orb.
     0 | D:1      | Reached XP level 1. HP: 19/19 MP: 1/1
    92 | D:1      | Reached skill level 1 in Maces & Flails
    95 | D:1      | Reached XP level 2. HP: 26/26 MP: 2/2
   271 | D:1      | Reached XP level 3. HP: 28/31 MP: 3/3
   530 | D:1      | Reached ** piety under Trog
  1028 | D:2      | Reached XP level 4. HP: 36/39 MP: 4/4
  1145 | D:2      | Found an ancient bone altar of Kikubaaqudgha.
  1945 | D:3      | Found a deep blue altar of Sif Muna.
  2218 | D:3      | Reached XP level 5. HP: 6/45 MP: 5/5
  2219 | D:3      | Gained mutation: Your body sometimes deteriorates upon taking damage. [potion of mutation]
  2219 | D:3      | Gained mutation: You are somewhat resistant to further mutation. [potion of mutation]
  2224 | D:3      | HP: 2/45 [poisoned by an adder]
  2229 | D:3      | Succumbed to an adder's poison

Skill      XL: |  1  2  3  4 |
---------------+-------------+-----
Maces & Flails | 1 2 3 4 |  4.9
Fighting       | |  3.6
Axes           | |  4.0
Armour         | |  2.1
Dodging        | |  1.5
Shields        | |  0.2

Action                   |  1- 3 |  4- 6 || total
-------------------------+-------+-------++-------
Melee: Mace              |    84 |    82 ||   166
Throw: Tomahawk          |       |     2 ||     2
Invok: Berserk           |     3 |     3 ||     6
  Use: Scroll            |       |     8 ||     8
       Potion            |       |     3 ||     3
  Eat: Chunk             |     2 |     7 ||     9
       Royal jelly       |       |     1 ||     1
Armor: Animal skin       |    12 |     4 ||    16
       Scale mail        |       |    36 ||    36
Dodge: Dodged            |    54 |    31 ||    85
Block: Shield            |     9 |    34 ||    43
